Map: Frozen Temple

Players

Miszu

  • Race: Terran Terran
  • League: Grandmaster

FeaR - Winner!

  • Race: Protoss Protoss
  • League: Grandmaster

VOD

Have the link to the VOD?

Description

Time

  • Played on: May 17, 2016, 6:24 a.m.
  • Length: 11:17
Show
View Real Time Build Order
Export as new Build Order

Miszu Terran 

Build Orders: MMM Bio 

Get SALT Encoding   

  12  0:00  SCV  
  13  0:13  SCV  
  14  0:18  Supply Depot  
  14  0:25  SCV  
  15  0:39  SCV  
  15  0:41  Barracks  
  16  0:44  Refinery  
  16  0:51  SCV  
  17  1:05  SCV  
  18  1:24  Command Center  
  18  1:28  Marine, Orbital Command  
  19  1:39  Barracks  
  19  1:46  Marine  
  20  1:54  SCV  
  21  1:56  Barracks  
  21  2:05  Marine  
  21  2:06  SCV  
  23  2:15  Refinery  
  23  2:18  Refinery  
  23  2:35  Marine x2, SCV  
  23  2:36  Orbital Command  
  26  2:43  Marine  
  27  2:47  SCV  
  28  2:52  Supply Depot  
  28  2:53  Marine, Barracks Tech Lab  
  28  2:56  Orbital Command  
  29  2:59  SCV  
  29  3:03  Marine  
  31  3:11  Marine x2  
  31  3:12  SCV, Stimpack  
  34  3:21  SCV  
  34  3:22  Marine  
  34  3:24  SCV  
  34  3:25  Factory  
  37  3:29  Supply Depot  
  37  3:33  SCV  
  37  3:34  Marine  
  38  3:36  Marine, SCV  
  41  3:41  Marine  
  41  3:45  SCV  
  43  3:52  Marine  
  43  3:55  Marauder, SCV  
  47  3:56  Supply Depot  
  47  3:59  SCV  
  47  4:02  Refinery  
  48  4:03  Engineering Bay  
  48  4:07  SCV  
  49  4:11  SCV  
  49  4:15  Starport  
  49  4:16  Factory Reactor  
  50  4:19  Barracks Reactor  
  50  4:22  SCV  
  50  4:24  SCV  
  52  4:27  Barracks Tech Lab  
  52  4:33  Supply Depot  
  52  4:34  SCV  
  52  4:36  Terran Infantry Weapons Level 1  
  52  4:37  SCV  
  54  4:42  Marauder  
  56  4:46  SCV  
  56  4:49  SCV  
  58  4:57  Marine x2, Missile Turret  
  60  5:00  SCV, Factory Reactor  
  60  5:02  Supply Depot  
  60  5:03  Medivac  
  60  5:04  Medivac  
  60  5:06  SCV  
  66  5:12  SCV  
  66  5:13  Combat Shields  
  67  5:18  SCV  
  70  5:24  SCV  
  71  5:30  SCV  
  71  5:31  Supply Depot  
  71  5:33  Medivac  
  74  5:36  Marine  
  74  5:37  Marine  
  74  5:38  Marine, Command Center  
  74  5:39  Marine  
  76  5:44  SCV x2  
  76  5:46  Refinery  
  78  5:53  Supply Depot, Medivac  
  80  5:57  Barracks  
  80  5:58  Barracks  
  80  5:59  SCV  
  80  6:00  SCV  
  80  6:01  Concussive Shells  
  80  6:03  Marauder  
  84  6:04  Marine  
  85  6:14  Widow Mine x2  
  85  6:15  Medivac  
  91  6:19  SCV x2  
  91  6:24  Marine  
  94  6:27  Supply Depot  
  94  6:29  Supply Depot  
  94  6:33  Terran Infantry Armor Level 1  
  94  6:47  Barracks Reactor, Barracks Tech Lab  
  94  6:48  Marine, Medivac, SCV  
  94  6:50  Marauder, SCV  
  95  6:57  Marauder  
  95  7:00  Medivac  
  97  7:02  Orbital Command  
  97  7:03  SCV x2  
  92  7:12  Marauder  
  92  7:13  Marauder  
  92  7:15  SCV x2  
  98  7:18  Widow Mine x2  
  98  7:22  Marine x2, Marauder  
  100  7:34  Marauder  
  100  7:36  Marine x3  
  105  7:40  Marine x2  
  105  7:42  SCV x3  
  105  7:43  Marine  
  111  7:48  Engineering Bay  
  111  7:49  Refinery, Armory  
  111  7:50  Supply Depot  
  111  7:51  Refinery  
  111  7:52  Supply Depot  
  111  7:54  Marine x2, SCV x2  
  111  7:55  Marauder  
  111  7:58  Widow Mine x2  
  117  8:00  Medivac  
  117  8:01  Medivac  
  125  8:12  SCV x3  
  130  8:13  Marauder  
  130  8:24  SCV  
  130  8:25  Marauder  
  130  8:26  Marine  
  133  8:32  Marauder  
  130  8:40  Marauder  
  120  8:43  Marine  
  120  8:44  Marine  
  120  8:45  Marine x2, Widow Mine x2  
  120  8:46  Medivac x2, Marauder  
  134  8:54  Marauder  
  127  9:01  Marine x2, Barracks x2, Armory  
  127  9:02  Starport, Marine, Barracks  
  126  9:03  Marine x2  
  126  9:04  Fusion Core  
  126  9:08  Marauder  
  126  9:15  Marine  
  127  9:19  Marine, Widow Mine x2  
  127  9:20  Marine x3, Medivac x2, Marauder  
  141  9:29  Marine  
  140  9:33  Marauder  
  141  9:54  Marine x2  
  141  9:55  Marine x3  
  141  9:56  Marine  
  141  9:57  Marauder  
  135  10:03  Barracks Reactor, Barracks Tech Lab x2  
  103  10:07  Starport Tech Lab  
  103  10:11  Marine  
  103  10:12  Marine x2, Marauder  
  103  10:13  Marine x2, SCV x3  
  107  10:18  Marauder  
  108  10:25  SCV x3  
  107  10:29  Marine  
  107  10:30  Marine  
  107  10:31  Marine  
  107  10:32  Marauder  
  107  10:33  Marauder  
  106  10:37  SCV x2  
  106  10:40  Marauder  
  110  10:53  Marauder  
  110  10:55  Marauder  
  112  11:05  Command Center  
Show
View Real Time Build Order
Export as new Build Order

FeaR Protoss - Winner!

Build Orders: 1 Gate Expand, Blink Stalkers 

Get SALT Encoding   

  12  0:01  Probe (Chrono Boost)  
  13  0:11  Probe (Chrono Boost)  
  14  0:20  Pylon  
  14  0:22  Probe (Chrono Boost)  
  15  0:38  Gateway, Probe (Chrono Boost)  
  16  0:43  Assimilator  
  16  0:49  Probe (Chrono Boost)  
  17  0:59  Probe (Chrono Boost)  
  18  1:10  Probe (Chrono Boost)  
  19  1:22  Nexus  
  19  1:31  Cybernetics Core  
  19  1:34  Probe (Chrono Boost)  
  20  1:42  Assimilator  
  20  1:45  Probe (Chrono Boost)  
  21  1:54  Pylon  
  21  1:55  Probe (Chrono Boost)  
  22  2:06  Probe (Chrono Boost)  
  23  2:10  Warp Gate  
  23  2:12  Adept  
  25  2:17  Mothership Core (Chrono Boost)  
  27  2:33  Twilight Council  
  27  2:35  Probe x2 (Chrono Boost)  
  29  2:45  Probe (Chrono Boost)  
  29  2:46  Probe (Chrono Boost)  
  31  2:56  Probe x2 (Chrono Boost)  
  33  3:05  Probe (Chrono Boost)  
  33  3:06  Probe (Chrono Boost)  
  33  3:10  Blink (Chrono Boost)  
  35  3:15  Probe  
  35  3:18  Gateway  
  35  3:19  Gateway  
  36  3:20  Probe  
  37  3:28  Probe  
  37  3:30  Robotics Facility  
  37  3:32  Probe  
  39  3:37  Assimilator  
  39  3:39  Probe  
  40  3:44  Probe  
  41  3:49  Probe  
  42  3:56  Probe  
  42  3:57  Nexus  
  42  4:01  Pylon  
  43  4:05  Probe  
  43  4:08  Probe  
  45  4:16  Pylon  
  46  4:17  Observer  
  46  4:20  Stalker x2  
  50  4:24  Stalker, Probe  
  50  4:25  Probe  
  54  4:35  Probe  
  54  4:37  Probe  
  54  4:38  Warp Prism  
  58  4:42  Pylon  
  58  4:45  Probe  
  58  4:49  Probe  
  58  4:51  Sentry  
  62  4:59  Probe  
  62  5:00  Pylon  
  62  5:01  Adept x2, Probe  
  68  5:08  Resonating Glaives (Chrono Boost)  
  68  5:09  Probe  
  68  5:10  Forge  
  68  5:13  Forge  
  69  5:15  Probe x2  
  69  5:16  Observer  
  69  5:20  Probe  
  72  5:26  Adept x2  
  72  5:27  Adept, Probe  
  80  5:30  Probe  
  80  5:33  Probe  
  82  5:39  Probe  
  82  5:41  Gateway, Probe  
  82  5:42  Gateway  
  83  5:44  Gateway  
  85  5:53  Stalker x2  
  85  5:54  Pylon  
  85  5:56  Stalker  
  90  6:04  Protoss Ground Weapons Level 1 (Chrono Boost), Protoss Ground Armor Level 1 (Chrono Boost)  
  90  6:08  Probe x2  
  90  6:09  Probe  
  93  6:19  Adept x3  
  93  6:20  Probe  
  93  6:23  Probe  
  101  6:29  Assimilator  
  101  6:30  Pylon  
  101  6:32  Assimilator  
  101  6:34  Pylon  
  101  6:38  Pylon  
  101  6:53  Probe x2  
  96  6:59  Stalker x4  
  96  7:00  Stalker x2  
  106  7:01  Nexus  
  106  7:07  Probe  
  104  7:23  Stalker x5  
  104  7:29  Probe  
  115  7:30  Probe x2  
  115  7:36  Pylon  
  117  7:37  Pylon  
  117  7:38  Sentry, Immortal  
  117  7:39  Pylon  
  117  7:43  Pylon  
  123  7:52  Gateway  
  123  7:54  Gateway x2  
  123  7:56  Gateway  
  123  8:00  Adept x4  
  123  8:01  Adept  
  123  8:05  Pylon  
  133  8:07  Protoss Ground Weapons Level 2 (Chrono Boost)  
  133  8:10  Pylon  
  133  8:13  Assimilator  
  133  8:23  Protoss Ground Armor Level 2 (Chrono Boost)  
  127  8:28  Adept x5  
  128  8:38  Nexus  
  124  8:45  Probe x2  
  124  8:46  Probe  
  119  8:55  Probe  
  119  8:56  Probe  
  119  8:58  Immortal, Probe  
  119  9:02  Adept x3  
  128  9:06  Probe  
  128  9:08  Probe  
  129  9:10  Probe  
  129  9:16  Probe  
  129  9:23  Probe  
  131  9:24  Probe  
  131  9:26  Templar Archives  
  131  9:27  Probe  
  131  9:28  Pylon  
  133  9:38  Adept x5  
  136  9:45  Pylon  
  140  9:49  Probe  
  140  9:50  Probe  
  140  9:52  Probe x2  
  142  9:57  Adept x3  
  142  9:58  Adept  
  150  10:07  Adept x3  
  142  10:25  Adept x6  
  142  10:26  Adept  
  150  10:37  Probe  
  150  10:41  Stalker x3  
  153  10:57  Stalker x5  
  153  11:00  High Templar x2  
  167  11:04  Archon  
  167  11:05  High Templar  
  167  11:06  High Templar  
  167  11:07  Adept  
  167  11:11  Archon  
Tags
 
Add a new tag
Caveats
  • Supply blocks, unpowered buildings, or Contaminate may cause inaccurate times.
  • Supply counts are checked every 10 seconds.